 Dungeon Crawl Stone Soup version 0.29-a0-284-gf9362112df (webtiles) character file.

Game seed: 1124301828622644446

547 MrDNA the Ruffian (level 7, -2/62 HPs)
             Began as a Troll Gladiator on Mar 17, 2022.
             Slain by a gnoll sergeant
             ... wielding a +1 trident of freezing
              (16 damage)
             ... on level 4 of the Dungeon on Mar 20, 2022.
             The game lasted 00:11:26 (3350 turns).

MrDNA the Ruffian (Troll Gladiator)                 Turns: 3350, Time: 00:11:26

Health: -2/62      AC:  5    Str: 23    XL:     7   Next: 7%
Magic:  6/6        EV: 10    Int:  4    God:
Gold:   164        SH:  0    Dex: 13    Spells: 6/6 levels left

rFire   . . .      SeeInvis .     - Unarmed
rCold   . . .      Faith    .   (no shield)
rNeg    . . .      Spirit   .   a - +0 robe
rPois   .          Reflect  .   b - +0 hat
rElec   .          Harm     .   l - +0 cloak
rCorr   .          Rampage  .   (gloves unavailable)
Will    .....                   (boots unavailable)
Stlth   +.........              (no amulet)
HPRegen 1.00/turn               (no ring)
MPRegen 0.10/turn               (no ring)

@: no status effects
A: large, unfitting armour, claws 3, regeneration 1, shaggy fur 1, tough skin 1
a: no special abilities


You were on level 4 of the Dungeon.
You visited 1 branch of the dungeon, and saw 4 of its levels.
You also visited: Ossuary.

You collected 164 gold pieces.

Inventory:

Hand Weapons
 e - a +1 whip of venom
 k - a +2 quarterstaff of chaos
 u - the +7 hunting sling of Ubiquitous Expedience {venom, rElec rN+ Int+3}
   (You found it on level 4 of the Dungeon)

   Any ammunition fired from it poisons the flesh of those it strikes.
   Int:       It affects your intelligence (+3).
   rElec:     It insulates you from electricity.
   rN:        It protects you from negative energy.
Missiles
 c - 3 throwing nets
 d - 3 large rocks
 i - 4 javelins (quivered)
 p - 6 poisoned darts
Armour
 a - a +0 robe (worn)
 b - a +0 hat (worn)
 l - a +0 cloak (worn)
Jewellery
 x - an amulet of faith
Wands
 w - a wand of digging (7)
Scrolls
 h - a scroll of blinking
 n - a scroll of identify {unknown}
 q - a scroll of magic mapping
 r - 2 scrolls of enchant armour {unknown}
 s - a scroll of amnesia {unknown}
 t - a scroll of summoning {unknown}
 y - a scroll of teleportation {unknown}
Potions
 f - a potion of attraction {unknown}
 g - a potion of curing {unknown}
 j - 2 potions of might {unknown}
 m - 2 potions of heal wounds {unknown}
 o - a potion of lignification {unknown}
 v - a potion of invisibility {unknown}


   Skills:
 - Level 1.5 Fighting
 + Level 2.9 Throwing
 - Level 2.4 Dodging
 + Level 7.7 Unarmed Combat


You had 6 spell levels left.
You didn't know any spells.
Your spell library contained the following spells:

 Spells                   Type           Power      Damage    Failure   Level
 Freeze                   Ice            0%         1d3       50%         1
 Frozen Ramparts          Ice            0%         1d2       86%         3
 Hailstorm                Conj/Ice       0%         3d3       99%         4


Dungeon Overview and Level Annotations

Branches:
Dungeon (4/15)            Ossuary (visited)
 Temple: D:4-7

Altars:
Qazlal


Innate Abilities, Weirdness & Mutations

You are too large for most types of armour.
You have claws for hands.
Your natural rate of healing is unusually fast.
You are covered in fur. (AC +1)
You have tough skin. (AC +1)


Message History

You are too injured to fight recklessly!
You are too injured to fight recklessly!
You are too injured to fight recklessly!
You are too injured to fight recklessly!
You are too injured to fight recklessly!
You are too injured to fight recklessly!
You are too injured to fight recklessly!
You are too injured to fight recklessly!
You are too injured to fight recklessly!
You are too injured to fight recklessly!
You are too injured to fight recklessly!
You are too injured to fight recklessly!
You are too injured to fight recklessly!
You are too injured to fight recklessly!
You are too injured to fight recklessly!
You are too injured to fight recklessly!
You are too injured to fight recklessly!
You are too injured to fight recklessly!
You are too injured to fight recklessly!
You are too injured to fight recklessly!
Unknown command.
The gnoll sergeant blocks your attack.
The gnoll sergeant is lightly wounded.
You barely miss the gnoll sergeant.
The gnoll sergeant is lightly wounded.
The gnoll sergeant hits you with a +1 trident of freezing!
* * * LOW HITPOINT WARNING * * *
The gnoll sergeant freezes you.
* * * LOW HITPOINT WARNING * * *
The gnoll closely misses you.
The gnoll sergeant attacks as you move away!
The gnoll sergeant hits you with a +1 trident of freezing.
* * * LOW HITPOINT WARNING * * *
The gnoll sergeant freezes you.
* * * LOW HITPOINT WARNING * * *
The gnoll sergeant misses you.
You mangle the gnoll!!
You kill the gnoll!
The gnoll sergeant hits you from afar with a +1 trident of freezing!
You die...

#..# #.# #.....# #..#*#.#******
#.....# ###..#*...,,,,,*
#.....#########* .....#*,(......*
#.............., ###.##*,.......*
#.............., ###.# *,.......*
#..[..........., .##.#
*,...).gg###......)......., .##.#
*,.?..g..#................, .<#.#
*,.......#@#...?..........,
..#.#**,.......#)#.....##########
..#.#,,,.......gg+.....'.........
..#.#**,.......###.....##########
..#.# *,....(..* ####### ..#.#
**#######* ..#.# ..#.# ..#.#


You could see a gnoll sergeant and a gnoll.

Vanquished Creatures
  An ice beast (D:3)
  An elf zombie (Ossuary)
  A centaur zombie (Ossuary)
  2 hounds (D:4)
  A human zombie (Ossuary)
  Crazy Yiuf (D:2)
  An iguana (D:4)
  2 mummies (Ossuary)
  6 adders
  3 gnolls (D:4)
  A white imp (D:3)
  A dart slug (D:1)
  6 orcs
  7 endoplasms
  3 giant cockroaches
  4 goblins
  4 hobgoblins
  4 jackals (D:3)
  7 kobolds
  5 quokkas
  3 ball pythons
  8 bats
  3 frilled lizards
  3 goblin zombies (Ossuary)
  11 hobgoblin zombies (Ossuary)
  3 jackal zombies (Ossuary)
  9 kobold zombies (Ossuary)
  7 orc zombies (Ossuary)
  4 rats
  A rat zombie (Ossuary)
113 creatures vanquished.

Notes
Turn   | Place    | Note
-------+----------+-------------------------------------------
     0 | D:1      | MrDNA the Troll Gladiator began the quest for the Orb.
     0 | D:1      | Reached XP level 1. HP: 19/19 MP: 0/0
   106 | D:1      | Reached XP level 2. HP: 25/27 MP: 1/1
   120 | D:1      | Found a faded altar of an unknown god.
   899 | D:2      | Reached XP level 3. HP: 33/33 MP: 2/2
  1085 | D:2      | Found a stormy altar of Qazlal.
  1215 | D:2      | Reached skill level 4 in Unarmed Combat
  1272 | D:2      | Found a runed translucent door.
  1273 | D:2      | Noticed Crazy Yiuf
  1523 | D:2      | Killed Crazy Yiuf
  1524 | D:2      | Reached XP level 4. HP: 13/41 MP: 3/3
  1619 | D:3      | Noticed an ice beast
  1625 | D:3      | Killed an ice beast
  1626 | D:3      | Reached skill level 5 in Unarmed Combat
  1626 | D:3      | Reached XP level 5. HP: 36/48 MP: 4/4
  2392 | D:3      | Reached skill level 6 in Unarmed Combat
  2602 | D:4      | Reached XP level 6. HP: 49/55 MP: 5/5
  2637 | D:4      | Found a sand-covered staircase.
  2651 | Ossuary  | Entered an ossuary
  2811 | Ossuary  | Reached skill level 7 in Unarmed Combat
  2922 | D:4      | Identified the +7 hunting sling of Ubiquitous Expedience
                  | {venom, rElec rN+ Int+3}
  3142 | D:4      | Reached XP level 7. HP: 62/62 MP: 6/6
  3350 | D:4      | Slain by a gnoll sergeant

Illustrated notes

Levels and vault maps discovered:
D:1:      lemuel_arrival_room, layout_basic, hellmonk_ecumenical_altar_blasted
D:2:      layout_loops_cross, basic_altar, uniq_crazy_yiuf_cottage
D:3:      layout_basic, kennysheep_generic_room_5
D:4:      layout_basic, lightli_ossuary_entry_decrepit_ruins

Skill      XL: |  1  2  3  4  5  6 |
---------------+-------------------+-----
Throwing       | 2 |  2.9
Unarmed Combat | 4 5 6 7 |  7.7
Fighting       | |  1.5
Dodging        | |  2.4

Action                   |  1- 3 |  4- 6 |  7- 9 || total
-------------------------+-------+-------+-------++-------
Melee: Unarmed           |    70 |   183 |    13 ||   266
       Punch             |     1 |     5 |       ||     6
Throw: Large rock        |       |     4 |       ||     4
       Javelin           |       |     4 |     2 ||     6
  Use: Scroll            |       |     3 |       ||     3
 Stab: Sleeping          |     3 |     1 |       ||     4
Armor: Robe              |    17 |    91 |     5 ||   113
Dodge: Dodged            |    41 |    88 |     7 ||   136

Table legend: (Time is in decaauts)
 A = Elapsed time spent in this place.
 B = Non-inter-level travel time spent in this place.
 C = Inter-level travel time spent in this place.
 D = Time resting spent in this place.
 E = Time spent auto-exploring this place.
 F = Levels seen in this place.
 G = Mean time per level.
                   A        B        C        D        E       F      G
               +--------+--------+--------+--------+--------+-----+--------+
         Total |   3337 |   3058 |    279 |     44 |   2314 |   5 |  667.4 |
       Dungeon |   3091 |   2812 |    279 |     44 |   2238 |   4 |  772.8 |
       Ossuary |    245 |    245 |      0 |      0 |     76 |   1 |  245.0 |
               +--------+--------+--------+--------+--------+-----+--------+

Top non-repeatable levels by time:
     D:3: 934 daAuts
     D:1: 865 daAuts
     D:2: 737 daAuts
     D:4: 554 daAuts
 Ossuary: 245 daAuts
